Map: [ESL] Alcyone

Players

Astrea - Winner!

  • Race: Protoss Protoss
  • Spawn Location: 1:00

Kelazhur

  • Race: Terran Terran
  • Spawn Location: 7:00

Event: ESL SC2 Masters 2023 Winter (Finals)

VOD

Have the link to the VOD?

Description

Time

  • Played on: Dec. 15, 2023, 11:46 a.m.
  • Length: 22:57

All games in this series

Show
View Real Time Build Order
Export as new Build Order

Astrea Protoss - Winner!

Build Orders: 1 Gate Expand, Blink Stalkers 

Get SALT Encoding   

  12  0:00  Probe  
  13  0:12  Probe  
  14  0:16  Pylon  
  14  0:24  Probe (Chrono Boost)  
  16  0:36  Gateway, Probe (Chrono Boost)  
  16  0:42  Probe (Chrono Boost)  
  16  0:46  Assimilator  
  17  0:51  Probe  
  18  1:03  Probe  
  19  1:15  Probe  
  20  1:22  Nexus  
  20  1:31  Cybernetics Core  
  20  1:34  Probe  
  21  1:40  Assimilator  
  21  1:46  Probe  
  22  1:50  Pylon  
  22  1:58  Probe (Chrono Boost)  
  23  2:06  Warp Gate  
  23  2:07  Stalker (Chrono Boost)  
  24  2:10  Probe (Chrono Boost)  
  24  2:15  Probe (Chrono Boost)  
  26  2:22  Twilight Council  
  27  2:26  Probe (Chrono Boost)  
  28  2:31  Stalker  
  28  2:35  Probe (Chrono Boost)  
  31  2:43  Probe (Chrono Boost)  
  33  2:44  Probe (Chrono Boost)  
  33  2:49  Probe (Chrono Boost)  
  33  2:50  Probe (Chrono Boost)  
  34  2:56  Gateway  
  35  2:58  Blink (Chrono Boost)  
  35  3:01  Probe  
  35  3:02  Probe  
  37  3:13  Probe  
  37  3:14  Probe  
  39  3:25  Probe  
  39  3:26  Probe  
  39  3:35  Robotics Facility  
  39  3:37  Probe  
  39  3:38  Probe  
  41  3:44  Pylon x2  
  41  3:51  Cybernetics Core, Probe  
  41  3:54  Stalker  
  45  3:57  Stalker  
  46  4:04  Probe  
  46  4:05  Nexus, Probe  
  48  4:14  Assimilator  
  48  4:16  Assimilator  
  48  4:19  Stalker  
  48  4:20  Probe (Chrono Boost)  
  41  4:28  Probe (Chrono Boost)  
  41  4:30  Stalker  
  43  4:32  Observer, Probe (Chrono Boost)  
  46  4:40  Probe x2 (Chrono Boost)  
  47  4:49  Probe (Chrono Boost)  
  49  4:53  Probe (Chrono Boost)  
  49  4:54  Templar Archives  
  49  4:55  Assimilator  
  49  4:57  Observer  
  49  4:58  Probe (Chrono Boost)  
  51  5:02  Probe (Chrono Boost)  
  51  5:03  Probe (Chrono Boost)  
  53  5:11  Charge  
  53  5:12  Probe  
  54  5:15  Probe (Chrono Boost)  
  54  5:20  Psionic Storm, Probe (Chrono Boost)  
  56  5:27  Probe (Chrono Boost)  
  58  5:29  Probe (Chrono Boost)  
  58  5:32  Probe (Chrono Boost)  
  58  5:33  Stalker  
  61  5:35  Stalker  
  61  5:36  Probe (Chrono Boost)  
  61  5:38  Probe (Chrono Boost)  
  61  5:39  Probe (Chrono Boost)  
  66  5:44  Probe  
  68  5:58  High Templar  
  68  5:59  Gateway x2  
  68  6:01  High Templar  
  71  6:04  Observer, Shield Battery  
  71  6:08  Pylon  
  71  6:12  Gateway  
  71  6:13  Probe x2  
  71  6:18  Probe  
  74  6:25  Probe  
  75  6:28  Probe  
  75  6:30  Probe  
  75  6:31  Observer  
  77  6:33  High Templar  
  77  6:36  Zealot  
  81  6:45  Observer  
  81  6:46  Probe x3  
  76  6:51  Pylon  
  76  6:52  Observer  
  72  6:57  High Templar x3  
  72  6:58  Probe x3  
  81  7:02  Pylon  
  81  7:03  Forge  
  81  7:04  Gateway  
  81  7:10  Probe x3  
  81  7:14  Observer  
  81  7:15  High Templar  
  86  7:17  Nexus  
  86  7:19  Pylon  
  86  7:20  Forge  
  86  7:22  Probe  
  87  7:23  Probe, Pylon  
  87  7:25  Probe  
  87  7:29  High Templar  
  91  7:30  High Templar, Zealot x2  
  91  7:34  Probe  
  91  7:35  Assimilator, Probe  
  99  7:37  Probe  
  99  7:39  Observer (Chrono Boost)  
  99  7:41  Protoss Ground Armor Level 1 (Chrono Boost)  
  101  7:46  Probe  
  101  7:47  Probe  
  101  7:49  Probe  
  103  7:53  Immortal (Chrono Boost)  
  103  7:55  Zealot x3  
  113  7:58  Probe  
  113  7:59  Probe  
  113  8:00  Protoss Ground Weapons Level 1 (Chrono Boost)  
  113  8:01  Probe  
  113  8:04  Robotics Bay  
  113  8:05  Observer, Shield Battery  
  116  8:10  Probe, Pylon  
  117  8:15  Probe  
  117  8:22  Photon Cannon  
  117  8:23  Observer  
  117  8:28  Observer, Probe x3  
  117  8:31  Stalker x5  
  117  8:32  Stalker  
  133  8:40  Pylon  
  133  8:42  Robotics Facility  
  133  8:43  Pylon  
  133  8:45  Pylon  
  132  8:54  Colossus (Chrono Boost)  
  138  8:58  Gateway  
  132  9:06  Zealot x6  
  144  9:21  Photon Cannon x2  
  141  9:25  Probe x3  
  141  9:26  Stalker x5  
  141  9:29  Protoss Ground Armor Level 2 (Chrono Boost)  
  152  9:31  Colossus (Chrono Boost)  
  152  9:36  Extended Thermal Lance  
  155  9:42  Nexus  
  155  9:46  Probe x4  
  159  9:53  Protoss Ground Weapons Level 2 (Chrono Boost)  
  159  10:00  Pylon, Colossus  
  158  10:08  Pylon  
  142  10:19  Colossus (Chrono Boost)  
  140  10:23  Stalker x6  
  152  10:31  Probe  
  152  10:32  Probe x3  
  152  10:34  Gateway x3  
  152  10:35  Gateway, Archon x2  
  134  10:54  Probe x2  
  134  10:55  Probe  
  137  10:58  Probe x2  
  137  11:01  Pylon  
  137  11:04  Photon Cannon, Stalker x7  
  141  11:09  Observer (Chrono Boost)  
  141  11:10  Warp Prism (Chrono Boost)  
  154  11:14  Pylon  
  155  11:25  Probe x2  
  155  11:27  High Templar  
  155  11:28  High Templar, Zealot x5  
  155  11:30  Pylon  
  155  11:31  Observer  
  170  11:35  Observer  
  165  11:49  Observer  
  155  11:55  Protoss Ground Armor Level 3 (Chrono Boost), Protoss Ground Weapons Level 3 (Chrono Boost)  
  155  11:57  Nexus, High Templar  
  155  11:58  High Templar, Zealot x7  
  171  12:04  Pylon  
  171  12:22  Nexus  
  171  12:25  Zealot x8  
  171  12:26  Zealot  
  189  12:31  Stalker x2  
  189  12:33  Assimilator  
  187  12:37  Pylon  
  169  12:46  Zealot x7  
  169  12:47  Zealot  
  169  12:49  Zealot x8  
  173  12:57  Stalker x2  
  163  12:59  Probe x2  
  163  13:00  Probe x2  
  165  13:08  Stalker  
  165  13:11  Probe  
  166  13:15  Stalker x5  
  168  13:20  Probe  
  168  13:25  Photon Cannon, Probe  
  168  13:26  Photon Cannon, Probe x2  
  172  13:28  Immortal (Chrono Boost)  
  176  13:36  Immortal (Chrono Boost)  
  176  13:40  Pylon  
  180  13:41  Observer, Assimilator  
  180  13:46  High Templar x3  
  186  13:51  Photon Cannon  
  186  13:52  Robotics Facility  
  184  13:58  Zealot x7  
  198  14:04  Zealot  
  198  14:06  Photon Cannon  
  198  14:09  Shield Battery  
  200  14:10  Pylon  
  200  14:14  Observer  
  198  14:17  Observer  
  192  14:28  Immortal  
  192  14:29  Immortal  
  200  14:32  Nexus  
  200  14:34  Pylon  
  199  14:44  Gateway x2  
  189  14:47  Gateway, Archon  
  189  14:50  Gateway x2  
  187  14:53  Gateway  
  187  14:54  Gateway  
  187  14:58  High Templar x2  
  187  15:02  Stalker x6  
  187  15:03  Shield Battery  
  199  15:08  Photon Cannon  
  199  15:09  Photon Cannon  
  199  15:11  Photon Cannon  
  187  15:16  Zealot x3  
  159  15:25  Colossus (Chrono Boost)  
  159  15:26  Stalker x5  
  159  15:27  Stalker  
  159  15:28  Immortal (Chrono Boost)  
  159  15:34  Zealot x2  
  139  15:35  Probe x2  
  139  15:36  Observer, Probe x2  
  135  15:50  High Templar  
  135  15:51  High Templar x4, Zealot x9  
  135  15:56  Protoss Shields Level 1 (Chrono Boost)  
  157  15:57  Gravitic Boosters (Chrono Boost)  
  157  16:11  Zealot x10  
  165  16:12  Zealot x3  
  183  16:19  Archon  
  183  16:21  Observer  
  169  16:28  Stalker x5  
  169  16:30  Observer  
  169  16:32  Stalker x6  
  151  16:33  Stalker  
  151  16:38  Warp Prism (Chrono Boost)  
  153  16:41  Observer (Chrono Boost)  
  153  16:44  High Templar  
  153  16:46  Zealot x5  
  168  16:50  Observer, Pylon  
  168  16:51  Assimilator  
  168  16:55  Stalker  
  168  17:00  High Templar  
  168  17:01  Zealot x9  
  184  17:07  Pylon  
  190  17:09  Photon Cannon  
  190  17:13  Pylon  
  190  17:14  Colossus  
  196  17:23  High Templar  
  196  17:27  Immortal  
  200  17:37  Nexus  
  200  17:50  Nexus  
  199  18:04  Photon Cannon  
  199  18:05  Stalker x2  
  196  18:13  Colossus (Chrono Boost)  
  196  18:19  Colossus (Chrono Boost)  
  194  18:23  Zealot x11  
  178  18:36  Zealot x7  
  189  18:44  Zealot x10  
  198  18:49  Observer  
  198  18:53  Stalker  
  182  19:01  Observer  
  182  19:02  Robotics Facility, Shield Battery  
  181  19:03  Zealot x7  
  181  19:04  Pylon  
  181  19:27  High Templar  
  181  19:28  Zealot  
  181  19:29  Zealot x8  
  191  19:38  Gravitic Drive  
  191  19:41  Assimilator  
  191  19:42  Assimilator  
  189  19:47  Photon Cannon  
  189  19:48  Photon Cannon  
  189  19:50  Photon Cannon, Shield Battery  
  183  19:52  Pylon  
  181  20:05  Pylon  
  181  20:08  High Templar  
  181  20:09  High Templar, Zealot x7  
  181  20:10  Observer  
  181  20:12  Photon Cannon  
  181  20:13  Photon Cannon, Shield Battery  
  199  20:17  Protoss Shields Level 2 (Chrono Boost)  
  198  20:24  Observer  
  198  20:27  Nexus  
  198  20:28  Zealot x2  
  200  21:01  Nexus  
  200  21:04  Archon  
  164  21:13  Colossus x2 (Chrono Boost)  
  164  21:17  Immortal (Chrono Boost)  
  164  21:18  High Templar x2, Zealot x13  
  166  21:19  Zealot x3  
  196  21:27  Immortal (Chrono Boost)  
  196  21:38  Pylon  
  196  21:41  Unknown  
  196  21:49  Immortal  
Show
View Real Time Build Order
Export as new Build Order

Kelazhur Terran 

Build Orders: Hellion Opening 

Get SALT Encoding   

  12  0:00  SCV  
  13  0:12  SCV  
  14  0:16  Supply Depot  
  14  0:24  SCV  
  15  0:38  SCV  
  15  0:40  Barracks  
  16  0:43  Refinery  
  16  0:50  SCV  
  17  1:02  SCV  
  18  1:14  SCV  
  19  1:26  Marine  
  19  1:27  Orbital Command  
  20  1:41  Command Center  
  20  1:45  Barracks Reactor  
  20  1:54  Supply Depot, SCV  
  21  2:03  Factory  
  21  2:06  SCV  
  22  2:16  Refinery  
  22  2:19  SCV  
  22  2:21  Marine x2  
  25  2:31  SCV  
  26  2:43  SCV  
  27  2:50  Starport  
  27  2:54  Orbital Command  
  27  2:55  SCV  
  27  2:58  Hellion x2  
  32  3:04  Orbital Command  
  32  3:07  SCV  
  32  3:19  Hellion x2  
  36  3:21  SCV  
  36  3:31  Medivac  
  36  3:32  SCV  
  39  3:35  Barracks Tech Lab, SCV  
  44  3:41  Hellion x2  
  44  3:44  SCV  
  44  3:45  Supply Depot  
  44  3:47  SCV  
  46  4:02  Barracks  
  46  4:05  Barracks  
  46  4:06  Liberator, SCV x2  
  51  4:18  SCV  
  51  4:19  Marine x2  
  50  4:26  Siege Tank  
  50  4:27  SCV  
  50  4:31  SCV  
  51  4:37  Marine x2  
  53  4:39  SCV  
  53  4:41  Bunker  
  53  4:42  Supply Depot x2  
  54  4:51  Barracks Tech Lab, Refinery  
  54  4:52  Barracks Tech Lab, Engineering Bay  
  54  5:03  Siege Tank, SCV x2, Marine  
  54  5:06  Supply Depot  
  60  5:14  Stimpack, Marauder  
  62  5:15  SCV  
  62  5:17  SCV  
  62  5:18  Combat Shield  
  62  5:19  Marauder  
  62  5:20  Marine  
  65  5:24  Marine  
  65  5:27  SCV, Starport  
  67  5:32  SCV  
  68  5:36  Marauder, Refinery  
  70  5:43  Marauder, Marine x2  
  70  5:45  SCV  
  70  5:46  Supply Depot  
  70  5:47  Terran Infantry Weapons Level 1  
  72  5:52  SCV  
  73  5:57  Marauder, SCV, Supply Depot  
  73  6:02  Marine x2  
  78  6:08  Marauder, SCV  
  78  6:10  Supply Depot  
  81  6:16  SCV  
  82  6:19  Command Center, Factory Reactor, Supply Depot  
  82  6:23  Marauder  
  82  6:25  SCV  
  85  6:26  Marine  
  85  6:27  Starport Reactor  
  85  6:28  Marine  
  87  6:33  SCV  
  87  6:37  SCV  
  85  6:47  SCV, Marauder  
  77  6:50  Marine x2  
  77  6:51  SCV, Marauder  
  76  6:59  Barracks  
  76  7:00  Concussive Shells, Widow Mine x2  
  78  7:03  Barracks  
  78  7:05  Medivac x2  
  82  7:09  Marauder  
  82  7:10  Marine x2  
  82  7:14  SCV x2  
  88  7:22  Widow Mine x2, Marauder  
  94  7:26  SCV  
  95  7:30  Orbital Command  
  95  7:31  SCV  
  95  7:35  Medivac x2  
  95  7:36  Marine  
  101  7:37  Marine  
  101  7:38  SCV  
  101  7:43  SCV  
  104  7:51  Marauder x2, SCV  
  103  7:52  Barracks Reactor  
  103  7:53  Widow Mine x2  
  103  7:55  Orbital Command  
  103  7:56  SCV  
  103  7:57  Supply Depot  
  110  7:58  Terran Infantry Armor Level 1  
  110  8:03  Armory  
  110  8:04  SCV  
  111  8:06  Marauder  
  111  8:10  SCV  
  114  8:16  Marine, Marauder x2  
  114  8:17  Marine  
  114  8:18  SCV  
  121  8:27  Ghost Academy  
  121  8:28  Marauder  
  121  8:30  Supply Depot, SCV  
  124  8:35  Medivac x2  
  124  8:37  Widow Mine x2  
  132  8:44  Marine  
  133  8:51  Supply Depot  
  133  8:52  Marauder x3, Marine  
  133  8:55  Supply Depot  
  140  9:04  Widow Mine  
  140  9:05  Marine  
  141  9:10  Supply Depot, Marine  
  141  9:11  Widow Mine, Supply Depot  
  141  9:13  Ghost x2  
  148  9:18  Medivac  
  148  9:20  Marine x2  
  148  9:23  Ghost  
  150  9:27  Widow Mine  
  152  9:37  Marine x2  
  152  9:38  Marine  
  153  9:39  Widow Mine  
  153  9:41  SCV  
  153  9:42  SCV x2, Refinery  
  153  9:43  Command Center, Refinery  
  158  9:46  Supply Depot x2  
  158  9:49  Ghost, Widow Mine  
  158  9:52  Terran Infantry Weapons Level 2, Ghost  
  158  10:01  Widow Mine  
  158  10:03  Marine x2  
  151  10:15  Marauder  
  151  10:18  Marauder, Marine  
  151  10:19  Medivac x2  
  152  10:22  Marauder  
  152  10:24  Marine x3  
  152  10:28  Supply Depot  
  157  10:29  Barracks  
  157  10:30  Barracks, Missile Turret  
  157  10:31  Barracks  
  153  10:36  Marauder, Marine  
  153  10:39  Marine  
  153  10:40  Widow Mine  
  153  10:42  Marine  
  160  10:43  Marauder  
  160  10:49  Marine x2  
  139  10:51  Widow Mine  
  139  10:54  Marine, Medivac x2  
  147  10:58  Marauder  
  147  10:59  SCV  
  147  11:00  SCV x2  
  147  11:02  Widow Mine  
  154  11:09  Marauder x2  
  154  11:10  Marine x3  
  161  11:17  Starport  
  161  11:22  Barracks Tech Lab x3  
  161  11:23  Ghost  
  163  11:25  Viking x2  
  163  11:29  Ghost  
  163  11:30  Marauder, Marine  
  163  11:31  Marine  
  163  11:32  Missile Turret  
  173  11:33  Marine  
  173  11:34  Marine  
  164  11:50  Marauder x2  
  164  11:52  Marauder  
  164  11:54  Marauder  
  156  11:55  Viking x2  
  156  11:56  Marauder, Marine x2  
  156  11:58  Marine x2  
  163  12:03  Planetary Fortress  
  163  12:06  Starport Reactor  
  163  12:07  Missile Turret  
  159  12:12  Terran Infantry Weapons Level 3  
  159  12:13  SCV  
  159  12:14  SCV  
  161  12:16  SCV  
  161  12:18  Marine x2  
  164  12:24  Marauder x3  
  170  12:31  Marauder x2  
  173  12:42  Marauder  
  161  12:45  Marauder  
  161  12:46  Marauder  
  156  12:53  Marauder  
  156  12:55  Marauder  
  154  13:01  Medivac x2  
  155  13:08  Marauder  
  142  13:15  Ghost x2  
  142  13:17  Marauder  
  138  13:22  Medivac x2  
  138  13:23  Widow Mine  
  138  13:24  Widow Mine  
  138  13:25  Command Center  
  138  13:26  Marauder x2, Marine x3  
  138  13:27  Marine  
  151  13:29  Marauder  
  151  13:30  Personal Cloaking  
  151  13:33  Refinery  
  154  13:35  Missile Turret  
  154  13:38  Marine, SCV x3  
  158  13:44  Ghost  
  159  13:50  SCV  
  159  13:51  Widow Mine x2  
  159  13:54  Marauder x2  
  159  13:55  Viking x2  
  172  14:05  Marauder, Marine x2  
  172  14:06  Viking x2  
  179  14:20  Marauder  
  179  14:21  Marauder  
  179  14:23  Widow Mine x2  
  175  14:28  Marauder, Marine x2  
  179  14:32  SCV x3  
  179  14:33  SCV  
  183  14:40  Marine x2  
  183  14:41  Marauder  
  183  14:44  SCV  
  184  14:48  Terran Infantry Armor Level 2  
  184  14:49  Missile Turret, Marauder  
  184  14:50  Marauder  
  186  14:57  Marine  
  186  14:58  Marauder x2, Marine  
  191  15:03  Marine  
  191  15:04  Marauder  
  191  15:05  Ghost  
  191  15:09  Ghost  
  191  15:11  Ghost  
  192  15:19  Marauder x2  
  183  15:25  Marauder  
  167  15:33  Widow Mine x2, Marine  
  167  15:34  Marauder  
  161  15:39  Marauder  
  161  15:40  Marauder x2  
  161  15:41  Marauder  
  157  15:45  SCV x4  
  161  15:50  Marauder, Marine  
  161  15:54  Medivac x3  
  161  15:56  Marauder  
  172  15:59  Planetary Fortress  
  172  16:10  Widow Mine x2  
  176  16:14  Marauder  
  174  16:21  Marauder x2  
  161  16:26  Marauder  
  161  16:28  Marauder  
  130  16:34  Marauder, Marine x2  
  130  16:35  Widow Mine x2  
  130  16:36  Medivac x3  
  130  16:37  Medivac  
  130  16:39  Marauder  
  131  16:43  Ghost  
  131  16:45  Ghost  
  135  16:54  Marine x4  
  135  16:58  Missile Turret  
  139  17:03  Ghost x2  
  139  17:04  Marauder x2  
  147  17:09  SCV x3  
  147  17:11  Orbital Command  
  147  17:12  Marine x2  
  150  17:17  Marine x4  
  150  17:21  SCV x2  
  156  17:24  Command Center  
  156  17:27  Terran Infantry Armor Level 3  
  156  17:29  Marauder x2  
  160  17:34  Marine  
  160  17:36  Refinery  
  161  17:38  SCV x3, Refinery  
  161  17:39  Refinery  
  161  17:41  Marauder  
  161  17:43  Viking  
  168  17:46  Viking  
  166  18:04  Viking x2  
  166  18:05  Marauder  
  168  18:06  Widow Mine x2  
  168  18:12  Marauder x2  
  176  18:17  Marine  
  176  18:18  Marauder  
  172  18:22  Marauder x2  
  172  18:23  Marine x2  
  172  18:26  Marauder  
  155  18:27  Widow Mine  
  155  18:32  Viking x2  
  155  18:33  Marauder x2  
  155  18:34  Viking, Widow Mine  
  169  18:40  Medivac  
  171  18:45  Ghost  
  171  18:46  Orbital Command  
  162  18:55  Ghost, Marine x6  
  147  19:00  Widow Mine x2  
  156  19:04  Viking x2  
  156  19:07  Marauder, Marine  
  163  19:13  Marine x2  
  163  19:14  Marauder  
  164  19:17  Marauder  
  164  19:20  Marauder  
  164  19:21  Widow Mine  
  142  19:25  Marauder, SCV  
  146  19:31  Marauder  
  146  19:32  SCV  
  146  19:34  Marauder  
  146  19:39  Marauder, Marine  
  149  19:48  Ghost  
  149  19:50  SCV  
  132  20:01  Planetary Fortress  
  132  20:02  SCV  
  132  20:03  Ghost x2  
  132  20:05  Marauder, Marine x2  
  134  20:07  SCV  
  134  20:10  SCV  
  134  20:11  SCV  
  137  20:14  SCV  
  137  20:16  Marauder  
  137  20:19  SCV  
  139  20:23  SCV x2  
  139  20:26  Viking  
  139  20:27  Viking x2  
  145  20:28  Orbital Command  
  145  20:29  Marauder  
  145  20:34  SCV  
  145  20:35  SCV x2  
  150  20:38  Marauder  
  147  20:43  Widow Mine x2  
  147  20:44  Marauder  
  153  20:53  SCV, Marauder  
  125  21:15  Marine, Marauder  
  125  21:16  Marauder  
  125  21:17  Marine x2  
  107  21:19  Marine, Widow Mine x2  
  107  21:20  Marauder  
  109  21:26  Marauder x2  
  109  21:27  Marine  
  109  21:33  Marine  
  109  21:36  Marine  
  109  21:37  Marauder  
  109  21:38  Marauder  
Tags
 
Add a new tag
Caveats
  • Supply blocks, unpowered buildings, or Contaminate may cause inaccurate times.
  • Supply counts are checked every 10 seconds.